 Dungeon Crawl Stone Soup version 0.31.0-32-g396128a36d (webtiles) character file.

Game seed: 1909513271728550566

8084 mrsleep the Carver (level 11, 0/89 HPs)
             Began as a Gnoll Cinder Acolyte on Mar 27, 2024.
             Was a High Priest of Ignis.
             Killed by an exploding orc warrior (6 damage)
             ... ignited by their inner flame
             ... on level 2 of the Orcish Mines.
             The game lasted 01:29:13 (12847 turns).

mrsleep the Carver (Gnoll Cinder Acolyte)          Turns: 12847, Time: 01:29:14

Health: 0/89       AC: 12    Str: 14    XL:     11   Next: 25%
Magic:  3/21       EV: 18    Int: 20    God:    Ignis [*****.]
Gold:   804        SH:  0    Dex:  8    Spells: 17/24 levels left

rFire   + + +        z - +7 spear "Goblinslayer" {flame, Will+ rCorr}
rCold   . . .        (no shield)
rNeg    + . .        j - +3 leather armour of a bazaar {rF++ rN+ rCorr Int-3}
rPois   .            L - +1 helmet
rElec   .            E - +2 cloak
rCorr   +            (no gloves)
SInv    .            (no boots)
Will    +....        (no amulet)
Stlth   +++          f - +5 ring of evasion
HPRegen 0.34/turn    J - +6 ring of intelligence
MPRegen 0.17/turn

%: no passive effects
@: about to teleport
A: fangs 1, strong nose, distributed training
a: Renounce Religion, Fiery Armour, Foxfire Swarm, Rising Flame


You were on level 2 of the Orcish Mines.
You worshipped Ignis.
Ignis was extremely pleased with you.
You visited 3 branches of the dungeon, and saw 12 of its levels.

You collected 804 gold pieces.

Inventory:

Hand Weapons
 a - a -1 spectral falchion
 t - a +6 club
 z - the +7 spear "Goblinslayer" (weapon) {flame, Will+ rCorr}
   (You found it on level 5 of the Dungeon)

   Will+:     It increases your willpower.
   rCorr:     It protects you from acid and corrosion.
 R - a +5 flail
Missiles
 c - 9 boomerangs (quivered)
 g - a throwing net
 G - 14 poisoned darts
Armour
 b - a +0 robe
 j - the +3 leather armour of a bazaar (worn) {rF++ rN+ rCorr Int-3}
   (You found it on level 2 of the Dungeon)

   Int-3:     It affects your intelligence (-3).
   rF++:      It greatly protects you from fire.
   rN+:       It protects you from negative energy.
   rCorr:     It protects you from acid and corrosion.
 D - a +0 helmet
 E - a +2 cloak (worn)
 K - +0 steam dragon scales
 L - a +1 helmet (worn)
 S - a +2 scale mail of willpower
Jewellery
 f - a +5 ring of evasion (left hand)
 i - a ring of poison resistance
 l - a ring of fire
 m - a ring of fire
 s - a ring of flight
 C - an amulet of reflection
 J - a +6 ring of intelligence (right hand)
 N - a +4 ring of protection
Wands
 n - a wand of iceblast (8)
 v - a wand of mindburst (12)
Scrolls
 e - 2 scrolls of poison
 h - 2 scrolls of vulnerability
 w - a scroll of immolation
 x - 2 scrolls of revelation
 y - a scroll of silence {unknown}
 A - a scroll of blinking {unknown}
 B - a scroll of enchant weapon {unknown}
 F - a scroll of fog {unknown}
 H - a scroll of fear
 M - 3 scrolls of enchant armour {unknown}
 Q - a scroll of amnesia {unknown}
Potions
 d - a potion of magic {unknown}
 k - a potion of berserk rage {unknown}
 o - 2 potions of enlightenment
 p - a potion of ambrosia {unknown}
 r - 2 potions of haste
 u - a potion of resistance {unknown}
 O - a potion of curing
 P - 3 potions of heal wounds


   Skills:
 + Level 9.2 Fighting
 + Level 6.3 Short Blades
 + Level 9.2 Long Blades
 + Level 6.3 Axes
 + Level 6.3 Maces & Flails
 + Level 6.3 Polearms
 + Level 6.3 Staves
 + Level 6.3 Ranged Weapons
 + Level 6.3 Throwing
 + Level 6.3 Armour
 + Level 6.3 Dodging
 + Level 6.3 Stealth
 + Level 6.3 Shields
 + Level 6.3 Unarmed Combat
 + Level 7.0 Spellcasting
 + Level 5.2 Conjurations
 + Level 5.2 Hexes
 + Level 5.2 Summonings
 + Level 5.2 Necromancy
 + Level 5.2 Translocations
 + Level 7.7 Fire Magic
 + Level 5.2 Ice Magic
 + Level 5.2 Air Magic
 + Level 5.2 Earth Magic
 + Level 5.2 Alchemy
 + Level 7.0 Invocations
 + Level 6.3 Evocations
 + Level 5.8 Shapeshifting


You had 17 spell levels left.
You knew the following spells:

 Your Spells              Type           Power      Damage    Failure   Level
a - Scorch                Fire           74%        2d8       1%          2
b - Blink                 Tloc           56%        N/A       1%          2
c - Hailstorm             Conj/Ice       28%        3d8       4%          3

Your spell library contained the following spells:

 Spells                   Type           Power      Damage    Failure   Level
 Freeze                   Ice            100%       1d10      1%          1
 Lesser Beckoning         Tloc           56%        N/A       1%          2
 Momentum Strike          Conj/Tloc      56%        3d9       1%          2
 Frozen Ramparts          Ice            56%        1d9       4%          3
 Stone Arrow              Conj/Erth      56%        3d10      4%          3
 Animate Armour           Summ/Erth      56%        N/A       13%         4
 Cause Fear               Hex            14%        N/A       13%         4
 Vhi's Electric Charge    Tloc/Air       56%        N/A       13%         4
 Fireball                 Conj/Fire      16%        3d8       22%         5
 Arcjolt                  Conj/Air       14%        1d24      36%         5
 Summon Forest            Summ/Tloc      14%        N/A       36%         5
 Eringya's Noxious Bog    Alch           14%        4d6       90%         6
 Summon Hydra             Summ           14%        N/A       100%        7
 Lehudib's Crystal Spear  Conj/Erth      14%        10d5      100%        8
 Maxwell's Capacitive Co  Air            14%        ∞         100%        8
 Dragon's Call            Summ           14%        N/A       100%        9


Dungeon Overview and Level Annotations

Branches:
Dungeon (9/15)             Temple (1/1) D:5             Orc (2/2) D:9
    Elf (0/3) Orc:2
   Lair: D:8-11

Altars:
Ashenzari
Cheibriados
Dithmenos
Elyvilon
Fedhas
Gozag
Hepliaklqana
Kikubaaqudgha
Makhleb
Nemelex Xobeh
Okawaru
Qazlal
Ru
Sif Muna
Trog
Uskayaw
Vehumet
Wu Jian
Xom
Yredelemnul
Zin


Innate Abilities, Weirdness & Mutations

You have very sharp teeth.
Your uncanny sense of smell can sniff out nearby items.
Your experience applies equally to all skills.


Message History

Your orc hits the orc priest with a +0 dagger.
Your orc priest barely misses the orc priest.
Your orc priest hits the orc warrior but does no damage.
Your orc priest barely misses something.
Your orc barely misses the orc priest.
Unknown command.
You barely miss the orc warrior.
You bite the orc warrior, but do no damage.
The orc warrior is heavily wounded.
The orc warrior hits your orc wizard with a +0 hand axe.
The orc warrior hits you but does no damage.
As you read the scroll of immolation, it crumbles to dust.
The creatures around you are filled with an inner flame!
The orc barely misses your orc wizard.
The orc priest invokes the aid of Beogh against you.
Beogh smites you!
* * * LOW HITPOINT WARNING * * *
The orc warrior hits your orc wizard with a +0 flail!
Your orc wizard's corpse dissolves into shadows!
Your orc wizard explodes!
The fiery explosion engulfs your orc!!
Your orc's corpse dissolves into shadows!
The fiery explosion engulfs the orc warrior!!
The fiery explosion engulfs you. You resist.
* * * LOW HITPOINT WARNING * * *
The fiery explosion engulfs your troll!!
Flame seeps out of your troll.
Your troll is severely wounded.
The fiery explosion engulfs the orc warrior!
The fiery explosion engulfs the orc!!
The orc explodes!
The fiery explosion engulfs the orc warrior!!
The fiery explosion engulfs the orc!
The orc explodes!
The fiery explosion engulfs the orc!!!
The fiery explosion engulfs the orc!!
The orc explodes! x2
You feel a bit more experienced. x2
The orc warrior explodes! x2
The fiery explosion engulfs you. You resist.
You die...

##.....) ...o #....... oo#.
##.#.... .oo.. #......
..#oo ### ###..... #...).
##.####....... ###o..#
######...#.......##
.....o.##..T#..............
.......o..@§#..#.......#...
.......ooo§§§§...#.....##.#
........oo#§§§##.##.......#
.........#o§§§#####......##
.....o#.#..§§§# #........
........#......# ##.......
................###.##.....
...............###.........
............### ##.###....


You could see 2 orc priests, an orc (inner flame), a friendly troll (summoned,
inner flame), a friendly orc priest (summoned, inner flame) and 5 friendly orcs.

Vanquished Creatures
  Erolcha (D:9)
  An orc sorcerer (D:9)
  Grinder (D:6)
  Prince Ribbit (D:7)
  Sigmund (D:2)
  A wraith (D:9)
  11 yaks (D:9)
  2 steam dragons
  A warg (Orc:2)
  An acid dragon (D:6)
  A water moccasin (D:6)
  A black bear (D:7)
  14 orc warriors
  2 ice beasts
  A sky beast (D:5)
  An ogre (D:5)
  3 centaurs
  A phantom (D:4)
  A kobold brigand (D:9)
  3 bullfrogs
  A gnoll sergeant (D:8)
  4 scorpions
  7 killer bees
  A howler monkey (D:7)
  A bombardier beetle (D:4)
  4 hounds
  A gnoll bouda (D:5)
  16 orc priests
  4 jellies
  2 sleepcaps
  Jessica (D:3)
  4 iguanas
  12 orc wizards
  8 gnolls
  7 adders
  3 shadow imps
  A white imp (D:5)
  4 dart slugs
  5 ribbon worms
  51 orcs
  5 endoplasms
  A giant cockroach (D:1)
  3 goblins
  9 hobgoblins
  4 jackals (D:3)
  8 kobolds
  5 quokkas (D:1)
  8 ball pythons
  2 bats
  3 frilled lizards
  7 rats
241 creatures vanquished.

Notes
Turn   | Place    | Note
-------+----------+-------------------------------------------
     0 | D:1      | mrsleep the Gnoll Cinder Acolyte began the quest for the
                  | Orb.
     0 | D:1      | Reached XP level 1. HP: 23/23 MP: 4/4
    46 | D:1      | Reached XP level 2. HP: 18/29 MP: 5/5
    94 | D:1      | Learned a level 2 spell: Scorch
   485 | D:1      | Reached XP level 3. HP: 35/35 MP: 7/7
  1141 | D:2      | Identified the +3 leather armour of a bazaar {rF++ rN+
                  | rCorr Int-3}
  1189 | D:2      | Reached skill level 1 in Invocations
  1296 | D:2      | Reached skill level 1 in Short Blades
  1296 | D:2      | Reached skill level 1 in Axes
  1296 | D:2      | Reached skill level 1 in Maces & Flails
  1296 | D:2      | Reached skill level 1 in Polearms
  1296 | D:2      | Reached skill level 1 in Staves
  1296 | D:2      | Reached skill level 1 in Ranged Weapons
  1296 | D:2      | Reached skill level 1 in Throwing
  1296 | D:2      | Reached skill level 1 in Armour
  1296 | D:2      | Reached skill level 1 in Dodging
  1296 | D:2      | Reached skill level 1 in Stealth
  1296 | D:2      | Reached skill level 1 in Shields
  1296 | D:2      | Reached skill level 1 in Unarmed Combat
  1296 | D:2      | Reached skill level 1 in Evocations
  1348 | D:2      | Reached skill level 1 in Shapeshifting
  1348 | D:2      | Reached XP level 4. HP: 41/41 MP: 8/8
  1531 | D:2      | Noticed Sigmund
  1537 | D:2      | Killed Sigmund
  1538 | D:2      | Reached skill level 1 in Conjurations
  1538 | D:2      | Reached skill level 1 in Hexes
  1538 | D:2      | Reached skill level 1 in Summonings
  1538 | D:2      | Reached skill level 1 in Necromancy
  1538 | D:2      | Reached skill level 1 in Translocations
  1538 | D:2      | Reached skill level 1 in Ice Magic
  1538 | D:2      | Reached skill level 1 in Air Magic
  1538 | D:2      | Reached skill level 1 in Earth Magic
  1538 | D:2      | Reached skill level 1 in Alchemy
  1538 | D:2      | Reached XP level 5. HP: 43/47 MP: 2/9
  1792 | D:3      | Noticed Jessica
  1822 | D:3      | Killed Jessica
  1823 | D:3      | Reached XP level 6. HP: 51/53 MP: 6/11
  3080 | D:4      | Reached XP level 7. HP: 49/60 MP: 3/12
  3320 | D:4      | Found a burning altar of Makhleb.
  3320 | D:4      | Found a basalt altar of Yredelemnul.
  3855 | D:4      | Found a shimmering altar of Xom.
  3855 | D:4      | Found an opulent altar of Gozag.
  3894 | D:5      | Entered Level 5 of the Dungeon
  3896 | D:5      | Identified the +7 spear "Goblinslayer" {flame, Will+ rCorr}
  4121 | D:5      | Found a staircase to the Ecumenical Temple.
  4125 | Temple   | Entered the Ecumenical Temple
  4337 | D:5      | Found an iron altar of Okawaru.
  4519 | D:5      | Reached XP level 8. HP: 67/67 MP: 14/14
  5189 | D:6      | HP: 3/67 [orc warrior/+0 halberd (11)]
  5194 | D:6      | HP: 3/67 [centaur/arrow (1)]
  5224 | D:6      | HP: 1/67 [orc warrior/+0 halberd (14)]
  6010 | D:6      | Reached XP level 9. HP: 73/73 MP: 9/16
  6037 | D:6      | Reached skill level 5 in Spellcasting
  6294 | D:6      | Noticed Grinder
  6301 | D:6      | Killed Grinder
  6749 | D:7      | Noticed Prince Ribbit
  6757 | D:7      | Killed Prince Ribbit
  7327 | D:7      | Reached skill level 5 in Invocations
  7844 | D:7      | Learned a level 2 spell: Blink
  7848 | D:7      | Learned a level 3 spell: Hailstorm
  8454 | D:8      | Reached skill level 5 in Short Blades
  8454 | D:8      | Reached skill level 5 in Axes
  8454 | D:8      | Reached skill level 5 in Maces & Flails
  8454 | D:8      | Reached skill level 5 in Polearms
  8454 | D:8      | Reached skill level 5 in Staves
  8454 | D:8      | Reached skill level 5 in Ranged Weapons
  8454 | D:8      | Reached skill level 5 in Throwing
  8454 | D:8      | Reached skill level 5 in Armour
  8454 | D:8      | Reached skill level 5 in Dodging
  8454 | D:8      | Reached skill level 5 in Stealth
  8454 | D:8      | Reached skill level 5 in Shields
  8454 | D:8      | Reached skill level 5 in Unarmed Combat
  8454 | D:8      | Reached skill level 5 in Evocations
  8454 | D:8      | Reached XP level 10. HP: 81/81 MP: 13/18
 10544 | D:9      | Noticed Erolcha
 10556 | D:9      | Killed Erolcha
 10557 | D:9      | Reached skill level 5 in Shapeshifting
 11045 | D:9      | Found a staircase to the Orcish Mines.
 11056 | Orc:1    | Entered Level 1 of the Orcish Mines
 11145 | Orc:1    | Noticed an orc sorcerer
 11354 | D:9      | Killed an orc sorcerer
 11387 | D:9      | Reached skill level 5 in Conjurations
 11387 | D:9      | Reached skill level 5 in Hexes
 11387 | D:9      | Reached skill level 5 in Summonings
 11387 | D:9      | Reached skill level 5 in Necromancy
 11387 | D:9      | Reached skill level 5 in Translocations
 11387 | D:9      | Reached skill level 5 in Ice Magic
 11387 | D:9      | Reached skill level 5 in Air Magic
 11387 | D:9      | Reached skill level 5 in Earth Magic
 11387 | D:9      | Reached skill level 5 in Alchemy
 11394 | D:9      | Reached XP level 11. HP: 46/89 MP: 0/21
 12173 | Orc:2    | Entered Level 2 of the Orcish Mines
 12189 | Orc:2    | Found a staircase to the Elven Halls.
 12847 | Orc:2    | Killed by an exploding orc warrior... ignited by their
                  | inner flame

Illustrated notes

Levels and vault maps discovered:
D:1:      dpeg_arrival_lava_altar, layout_basic, solitary_fountain,
          minmay_surrounded
D:2:      layout_basic, uniq_sigmund
D:3:      layout_loops_corners, uniq_jessica
D:4:      layout_basic, nicolae_overflow_two_pavilions,
          gammafunk_temple_overflow_elements
D:5:      layout_rooms, hellmonk_okawaru_the_only_friend_you_need,
          temple_hall_moat
D:6:      layout_loops_ring, uniq_grinder
D:7:      layout_gridville, uniq_prince_ribbit1
D:8:      layout_basic
D:9:      layout_rooms, orc_0_dummy, uniq_erolcha
Temple:   nicolae_temple_bog_church
Orc:1:    layout_caves
Orc:2:    st_orc_pillars, layout_diamond_mine, mines2_david, uniq_rupert

Skill      XL: |  1  2  3  4  5  6  7  8  9 10 11 |
---------------+----------------------------------+-----
Invocations    | 1 2 3 4 5 6 7 |  7.0
Short Blades   | 1 2 3 5 6 |  6.3
Axes           | 1 2 3 5 6 |  6.3
Maces & Flails | 1 2 3 5 6 |  6.3
Polearms       | 1 2 3 5 6 |  6.3
Staves         | 1 2 3 5 6 |  6.3
Ranged Weapons | 1 2 3 5 6 |  6.3
Throwing       | 1 2 3 5 6 |  6.3
Armour         | 1 2 3 5 6 |  6.3
Dodging        | 1 2 3 5 6 |  6.3
Stealth        | 1 2 3 5 6 |  6.3
Shields        | 1 2 3 5 6 |  6.3
Unarmed Combat | 1 2 3 5 6 |  6.3
Evocations     | 1 2 3 5 6 |  6.3
Shapeshifting  | 1 2 3 4 5 |  5.8
Spellcasting   | 3 4 5 6 7 |  7.0
Conjurations   | 1 2 3 4 5 |  5.2
Hexes          | 1 2 3 4 5 |  5.2
Summonings     | 1 2 3 4 5 |  5.2
Necromancy     | 1 2 3 4 5 |  5.2
Translocations | 1 2 3 4 5 |  5.2
Ice Magic      | 1 2 3 4 5 |  5.2
Air Magic      | 1 2 3 4 5 |  5.2
Earth Magic    | 1 2 3 4 5 |  5.2
Alchemy        | 1 2 3 4 5 |  5.2
Fighting       | 7 8 9 |  9.2
Long Blades    | 7 8 9 |  9.2
Fire Magic     | 6 7 |  7.7

Action                     |  1- 3 |  4- 6 |  7- 9 | 10-12 || total
---------------------------+-------+-------+-------+-------++-------
  Melee: Falchion          |    66 |    76 |    42 |       ||   184
         Bite              |     2 |     5 |    25 |    24 ||    56
         Punch             |       |     5 |     7 |     6 ||    18
         Spear             |       |       |   152 |   160 ||   312
  Throw: Boomerang         |       |       |     2 |       ||     2
   Cast: Scorch            |     5 |    17 |   122 |   146 ||   290
         Hailstorm         |       |       |     1 |     1 ||     2
         Blink             |       |       |       |     1 ||     1
    Use: Scroll            |     5 |     2 |     6 |     4 ||    17
         Potion            |       |       |     6 |       ||     6
   Stab: Distracted        |       |       |     1 |       ||     1
 Armour: Robe              |    40 |       |       |       ||    40
         Leather armour    |     1 |    33 |   117 |   116 ||   267
  Dodge: Dodged            |    38 |    68 |   199 |   166 ||   471
